AoeStats
← j0w1_69

MegaRandom

510172237Analyzed
2v2 RM · 3d ago on Sep 29, 2026· 72m 27s· 4 players
Game mode
Random Map
Map size
Medium (4 player)
Population
200
Speed
Normal
Resources
Standard
Victory
Conquest
Starting age
Dark Age
Ending age
Imperial Age
RankedLock teamsTeams togetherTeam positionsShared explorationLock speedFull tech treeHidden civsTurbo modeCheats
Victory
Defeat
🇪🇸 Vietnamese · Spain
686
+14
🇪🇸 Bohemians · Spain
670
+15
🇩🇪 Malians · Germany
656
-15
🇺🇸 Persians · United States
639
-14
sulox32
2:35 Loom
11:23 Feudal Age
12:04 Town Watch
12:12 Man-at-Arms
21:31 Bloodlines
22:32 Arson
30:15 Castle Age
30:11 Stone Mining
30:09 Horse Collar
30:19 Double-Bit Axe
37:05 Town Patrol
44:59 Husbandry
49:42 Imperial Age
49:51 Tigui
50:08 Gold Mining
53:19 Wheelbarrow
53:41 Stone Shaft Mining
54:09 Heavy Plow
54:43 Bow Saw
56:08 Ballistics
56:49 Chemistry
55:59 Farimba
57:18 Elite Gbeto
59:18 Crop Rotation
59:38 Thumb Ring
60:18 Capped Ram
GiriThaBeast
4:08 Loom
11:16 Feudal Age
12:56 Double-Bit Axe
25:00 Castle Age
23:48 Stone Mining
27:14 Horse Collar
29:02 Husbandry
29:51 Bloodlines
30:56 Bow Saw
35:13 Wheelbarrow
42:50 Imperial Age
43:30 Elite Skirmisher
44:21 Thumb Ring
44:19 Fletching
44:30 Padded Archer Armor
46:35 Leather Archer Armor
47:06 Light Cavalry
49:58 Hand Cart
52:03 Bodkin Arrow
52:15 Scale Barding Armor
54:01 Heavy Plow
57:38 Forging
57:49 Chain Barding Armor
59:24 Iron Casting
64:39 Imperial Age
66:05 Blast Furnace
65:41 Plate Barding Armor
64:30 Heavy Camel Rider
64:38 Hussar
aleixmn8.s
0:27 Loom
11:18 Feudal Age
12:59 Double-Bit Axe
12:58 Horse Collar
14:21 Fletching
24:24 Wheelbarrow
24:09 Scale Mail Armor
29:39 Castle Age
27:55 Padded Archer Armor
30:10 Pikeman
30:13 Crossbowman
30:59 Thumb Ring
32:06 Hand Cart
32:09 Bodkin Arrow
33:16 Chatras
35:03 Town Watch
51:25 Forging
51:31 Chain Mail Armor
51:31 Leather Archer Armor
51:22 Scale Barding Armor
53:53 Imperial Age
51:26 Town Patrol
53:30 Squires
53:16 Arson
54:30 Husbandry
54:42 Bloodlines
55:00 Paper Money
55:20 Ballistics
55:02 Halberdier
59:15 Elite Battle Elephant
66:20 Chain Barding Armor
66:01 Bracer
j0w1_69
7:05 Loom
12:23 Feudal Age
12:53 Horse Collar
16:21 Double-Bit Axe
31:05 Castle Age
36:32 Imperial Age
35:42 Wheelbarrow
35:37 Caravan
41:06 Crossbowman
43:48 Pikeman
46:28 Fletching
46:38 Padded Archer Armor
47:55 Hand Cart
50:01 Husbandry
49:22 Cavalier
52:12 Halberdier
52:53 Squires
53:46 Bow Saw
55:34 Leather Archer Armor
55:14 Bodkin Arrow
55:32 Forging
55:23 Scale Mail Armor
57:10 Chemistry
59:58 Conscription
59:45 Hussite Reforms
59:01 Elite Hussite Wagon
66:47 Two-Man Saw
65:52 Heavy Plow
66:02 Wagenburg Tactics
Connection lost

Rejoining the realm…

Still unreachable

The connection could not be restored.

Session expired

The server has moved on; the page needs a fresh start.